 Dungeon Crawl Stone Soup version 0.18-a0-1267-gff090c1 (webtiles) character file.

931 kae the Carver (level 7, -1/57 HPs)
             Began as a Minotaur Fighter on Feb 6, 2016.
             Was a Follower of Qazlal.
             Slain by a centaur zombie (5 damage)
             ... on level 5 of the Dungeon.
             The game lasted 00:03:18 (3107 turns).

kae the Carver (Minotaur Fighter)                   Turns: 3107, Time: 00:03:18

Health: -1/57      AC:  8    Str: 25    XL:     7   Next: 86%
Magic:  6/6        EV:  7    Int:  8    God:    Qazlal [*.....]
Gold:   222        SH: 16    Dex: 11    Spells: 0 memorised, 6 levels left

rFire  . . .     SeeInvis .     a - +0 long sword
rCold  . . .     Gourm    .     b - +1 scale mail
rNeg   . . .     Faith    .     c - +0 shield
rPois  .         Spirit   .     m - +1 hat {MR+}
rElec  .         Dismiss  .     (no cloak)
rCorr  .         Reflect  +     (no gloves)
SustAt .         Harm     .     (no boots)
MR     +....                    s - +5 amulet of reflection
Stlth  ..........               (no ring)
                                x - +2 ring of intelligence

@: mighty, somewhat resistant to hostile enchantments, extremely unstealthy
A: retaliatory headbutt, horns 2
a: Renounce Religion


You were on level 5 of the Dungeon.
You worshipped Qazlal.
Qazlal was aware of your devotion.
You were hungry.

You visited 1 branch of the dungeon, and saw 5 of its levels.

You collected 222 gold pieces.

Inventory:

Hand Weapons
 a - a +0 long sword (weapon)
Armour
 b - a +1 scale mail (worn)
 c - a +0 shield (worn)
 m - a +1 hat of magic resistance (worn)
Jewellery
 j - an uncursed amulet of rage
 r - an uncursed amulet of magic regeneration
 s - a +5 amulet of reflection (around neck)
 x - a +2 ring of intelligence (left hand)
Scrolls
 h - a scroll of immolation
 v - a scroll of enchant armour
 w - a scroll of remove curse
Potions
 e - 2 potions of lignification
 i - 2 potions of haste
 k - a potion of mutation {unknown}
 n - a potion of cure mutation {unknown}
 t - a potion of curing {unknown}
Books
 o - a book of the Dragon

   Spells                             Type                      Level
   a - Flame Tongue                   Conjuration/Fire             1
   b - Cause Fear                     Hexes                        4
   c - Bolt of Fire                   Conjuration/Fire             6
   d - Dragon Form                    Transmutation                7
   e - Dragon's Call                  Summoning                    9
Comestibles
 f - 4 bread rations
 g - a slice of pizza
 l - a chunk of flesh
 p - a beef jerky
 q - 4 meat rations


   Skills:
 - Level 3.6 Fighting
 + Level 10.9 Long Blades
 - Level 3.6 Armour
 - Level 3.6 Shields


You had 6 spell levels left.
You didn't know any spells.

Dungeon Overview and Level Annotations

Branches:
Dungeon (5/15)
 Temple: D:4-7

Altars:
Elyvilon
Pakellas
Qazlal
Trog
Yredelemnul
Zin
The Shining One

Shops:
D:5 (


Innate Abilities, Weirdness & Mutations

You reflexively headbutt those who attack you in melee.
You have a pair of horns on your head.


Message History

You slice the ice beast!!
The ice beast is almost dead.
You block the centaur zombie's attack. The ice beast hits you.
* * * LOW HITPOINT WARNING * * *
The ice beast freezes you!
* * * LOW HITPOINT WARNING * * *
Unknown command.
Your scale mail prevents you from hitting the ice beast.
Your headbutt misses the ice beast.
The ice beast is almost dead.
You block the centaur zombie's attack. You block the ice beast's attack.
The centaur zombie hits you but does no damage.
A centaur comes into view.
Unknown command.
The centaur shouts!
You slash the ice beast!
You kill the ice beast!
Qazlal accepts your kill. The centaur zombie hits you.
You die...

....... ....... ......[
...... ....... ........#
....(..## #.........
........### #>........
.>...).Z§.####.........
.......@#.#.........#.#
..........8.8.8.......##
..........(⌠.⌠......#..%
.......#..8(∩.8..####.##
...........⌠.⌠..........
....###.##8.8.8...#.....
.c......#..#............
... #...................
#..#.................


You could see a centaur and a centaur zombie.

Vanquished Creatures
  Eustachio (D:4)
  An ice beast (D:5)
  A black bear (D:5)
  A phantom (D:4)
  A necrophage (D:5)
  A crimson imp (D:5)
  A giant frog skeleton (D:4)
  A hound (D:5)
  An iguana (D:4)
  4 worker ants (D:4)
  6 adders
  A shadow imp (D:4)
  2 worms
  4 giant geckos
  18 orcs
  4 bats
  6 giant cockroaches
  6 goblins
  4 hobgoblins
  3 jackals (D:4)
  2 quokkas
  A ball python (D:2)
  11 giant newts
  2 kobolds
  9 rats
  A plant (D:3)
93 creatures vanquished.

Vanquished Creatures (others)
  A centaur (D:5)
1 creature vanquished.

Grand Total: 94 creatures vanquished

Notes
Turn   | Place    | Note
--------------------------------------------------------------
     0 | D:1      | kae the Minotaur Fighter began the quest for the Orb.
     0 | D:1      | Reached XP level 1. HP: 19/19 MP: 0/0
     0 | D:1      | Noticed a draconian
     0 | D:1      | Noticed a formicid
    15 | D:1      | Noticed a spriggan
   345 | D:1      | Reached XP level 2. HP: 26/26 MP: 1/1
   703 | D:2      | Reached skill level 4 in Long Blades
   731 | D:2      | Reached XP level 3. HP: 27/31 MP: 2/2
  1079 | D:2      | Reached skill level 5 in Long Blades
  1353 | D:3      | Reached XP level 4. HP: 25/39 MP: 3/3
  1388 | D:3      | Found an oddly glowing altar of Pakellas.
  1388 | D:3      | Found a stormy altar of Qazlal.
  1388 | D:3      | Found a basalt altar of Yredelemnul.
  1472 | D:3      | Became a worshipper of Qazlal Stormbringer
  1964 | D:4      | Reached skill level 6 in Long Blades
  2168 | D:4      | Reached XP level 5. HP: 39/45 MP: 4/4
  2222 | D:4      | Found a bloodstained altar of Trog.
  2312 | D:4      | Noticed a phantom
  2328 | D:4      | Killed a phantom
  2328 | D:4      | Reached skill level 7 in Long Blades
  2328 | D:4      | Reached XP level 6. HP: 36/51 MP: 5/5
  2379 | D:4      | Found a glowing golden altar of the Shining One.
  2381 | D:4      | Found a white marble altar of Elyvilon.
  2382 | D:4      | Found a glowing silver altar of Zin.
  2466 | D:4      | Reached skill level 8 in Long Blades
  2676 | D:5      | Entered Level 5 of the Dungeon
  2693 | D:5      | Noticed Eustachio
  2697 | D:5      | Reached * piety under Qazlal
  2933 | D:4      | Killed Eustachio
  2933 | D:4      | Reached skill level 9 in Long Blades
  2933 | D:4      | Reached XP level 7. HP: 49/57 MP: 6/6
  3048 | D:5      | Found Micwil's Antique Weapon Boutique.
  3066 | D:5      | Reached skill level 10 in Long Blades
  3107 | D:5      | Slain by a centaur zombie

Vault maps used:
D:1:      shiori_arrival_whats_in_store_for_you, minmay_lizard_king
D:2:      first_bread, serial_forest, infiniplex_forest_clump_double,
          infiniplex_forest_clump_double, infiniplex_forest_clump_tiny,
          infiniplex_forest_straight_4, infiniplex_forest_pool,
          infiniplex_forest_clump_small, infiniplex_forest_clump_double,
          infiniplex_forest_straight_4, infiniplex_forest_lined_3_way,
          eino_curves_03
D:3:      gammafunk_temple_overflow_forgotten
D:4:      good_gods_mini_temple, serial_bayou_pond_b, trog_butcher_becter
D:5:      serial_shops, nicolae_shop_temple_entry_statues_fountains,
          uniq_eustachio

Action                   |  1- 3 |  4- 6 |  7- 9 || total
-------------------------+-------+-------+-------++-------
Melee: Long sword        |   101 |   183 |    29 ||   313
  Use: Scroll            |     1 |     9 |       ||    10
       Potion            |       |       |     1 ||     1
  Eat: Chunk             |     1 |     5 |     1 ||     7
